 Dungeon Crawl Stone Soup version 0.23.2-11-gf996548c65 (webtiles) character file.

Game seed: 9269984036032132176

81 Kobolds4U the Slasher (level 4, -4/39 HPs)
             Began as a Minotaur Fighter on June 5, 2019.
             Splashed by Ijyb's acid (17 damage)
             ... on level 3 of the Dungeon.
             The game lasted 00:03:22 (2237 turns).

Kobolds4U the Slasher (Minotaur Fighter)            Turns: 2237, Time: 00:03:23

Health: -4/39      AC:  6    Str: 20    XL:     4   Next: 20%
Magic:  0/3        EV:  5    Int:  5    God:
Gold:   180        SH:  9    Dex: 11    Spells: 3/3 levels left

rFire    . . .     SeeInvis .   a - +0 long sword
rCold    . . .     Gourm    .   c - +0 shield
rNeg     . . .     Faith    .   h - +0 chain mail
rPois    .         Spirit   +   (helmet restricted)
rElec    .         Reflect  .   g - scarf {Spirit}
rCorr    .         Harm     .   o - +0 pair of gloves
MR       +....                  (no boots)
Stlth    ..........             j - amulet of rage
HPRegen  0.13/turn              p - ring of protection from magic
MPRegen  0.08/turn              (no ring)

@: corroded
A: retaliatory headbutt, horns 2
a: Evoke Berserk Rage


You were on level 3 of the Dungeon.
You were not hungry.

You visited 1 branch of the dungeon, and saw 3 of its levels.

You collected 180 gold pieces.

Inventory:

Hand Weapons
 a - a +0 long sword (weapon)
Armour
 c - a +0 shield (worn)
 g - a scarf of spirit shield (worn)
 h - a +0 chain mail (worn)
 o - a +0 pair of gloves (worn)
Jewellery
 j - an amulet of rage (around neck)
 p - a ring of protection from magic (left hand)
Scrolls
 i - 4 scrolls of remove curse {unknown}
 k - a scroll of magic mapping {unknown}
 n - a scroll of enchant weapon {unknown}
 q - a scroll of immolation {unknown}
 r - a scroll of teleportation {unknown}
Potions
 b - a potion of agility {unknown}
 d - 2 potions of might
 e - a potion of degeneration {unknown}
 l - 2 potions of heal wounds {unknown}
 m - 2 potions of curing {unknown}
 s - a potion of magic {unknown}
Comestibles
 f - 9 rations
 t - 2 chunks of flesh


   Skills:
 - Level 3.6 Fighting
 + Level 5.2 Long Blades
 - Level 3.6 Armour
 - Level 3.6 Shields
 * Level 1.0 Evocations


You had 3 spell levels left.
You didn't know any spells.
Your spell library contained the following spells:

 Spells                   Type           Power        Failure   Level  Hunger
 Confusing Touch          Hex            #.....       100%        1    ##.....
 Confuse                  Hex            #.......     100%        3    ####...
 Gell's Gravitas          Tloc           #.........   100%        3    ####...
 Petrify                  Tmut/Erth      #.......     100%        4    #####..
 Metabolic Englaciation   Hex/Ice        #.........   100%        5    ######.
 Yara's Violent Unravell  Hex/Tmut       #.........   100%        5    ######.


Dungeon Overview and Level Annotations

Branches:
Dungeon (3/15)

Altars:

Annotations:
D:3 Ijyb


Innate Abilities, Weirdness & Mutations

You reflexively headbutt those who attack you in melee.
You have a pair of horns on your head.


Message History

The kobold shouts!
You block the kobold's attack.
You closely miss the kobold. You block the kobold's attack.
You closely miss the kobold. You block the kobold's attack.
The kobold barely misses you. You furiously retaliate!
You headbutt the kobold.
You kill the kobold!
No target in view!
No target in view!
Things that are here:
a cursed -3 dagger; a kobold corpse
There is an open door here.
There is an open door here.
Some of the chunks of flesh in your inventory have rotted away.
Ijyb the Twisted Goblin comes into view.
She is wielding a +0 club, wearing a +3 chain mail of poison resistance and carrying a wand of acid (7).
Ijyb zaps a wand.
The bolt of acid hits you but does no damage.
You are splashed with acid!
Ijyb zaps a wand.
The bolt of acid hits you! The acid corrodes you!
You are splashed with acid!!
You die...

######### #.#
#.# #.# #.# #.#
#.# #.# #.#
##@## ##...##
#.....#
#...............
######.####g....
#.# ###. #.# #+#


You could see Ijyb.

Vanquished Creatures
  A gnoll (D:3)
  2 worms (D:2)
  A dart slug (D:1)
  A leopard gecko (D:3)
  3 orcs (D:3)
  6 bats
  6 giant cockroaches
  9 goblins
  5 hobgoblins
  10 kobolds
  A ball python (D:1)
  4 frilled lizards
  8 rats
57 creatures vanquished.

Notes
Turn   | Place    | Note
-------+----------+-------------------------------------------
     0 | D:1      | Kobolds4U the Minotaur Fighter began the quest for the Orb.
     0 | D:1      | Reached XP level 1. HP: 19/19 MP: 0/0
    47 | D:1      | Reached skill level 3 in Long Blades
    62 | D:1      | Reached XP level 2. HP: 23/26 MP: 1/1
   299 | D:1      | Reached skill level 4 in Long Blades
   420 | D:1      | Reached XP level 3. HP: 31/31 MP: 2/2
  1706 | D:3      | Reached skill level 5 in Long Blades
  1908 | D:3      | Reached XP level 4. HP: 32/39 MP: 1/3
  2060 | D:3      | Reached skill level 1 in Evocations
  2235 | D:3      | Noticed Ijyb
  2237 | D:3      | Splashed by Ijyb's acid

Skill      XL: |  1  2  3  4 |
---------------+-------------+-----
Long Blades    | 3 4 5 |  5.2
Evocations     | 1 |  1.0
Fighting       | |  3.6
Armour         | |  3.6
Shields        | |  3.6

Action                   |  1- 3 |  4- 6 || total
-------------------------+-------+-------++-------
Melee: Long sword        |   116 |    17 ||   133
       Headbutt          |    17 |       ||    17
  Eat: Chunk             |     3 |     1 ||     4
Armor: Scale mail        |     5 |       ||     5
       Chain mail        |    52 |    10 ||    62
Dodge: Dodged            |    26 |     2 ||    28
Block: Shield            |    49 |     7 ||    56
       Rpst.: Long sword |     5 |       ||     5
